 Dungeon Crawl Stone Soup version 0.21.1-1-g345015fe64 (webtiles) character file.

4452 SirChikenkiller the Cleaver (level 10, -13/88 HPs)
             Began as a Minotaur Berserker on July 15, 2018.
             Was an Elder of Trog.
             Killed from afar by Erica (24 damage)
             ... with an orb of energy
             ... on level 9 of the Dungeon.
             The game lasted 00:48:52 (8422 turns).

SirChikenkiller the Cleaver (Minotaur Berserker)    Turns: 8422, Time: 00:48:53

Health: -13/88     AC:  7    Str: 24    XL:     10   Next: 15%
Magic:  9/9        EV: 10    Int:  4    God:    Trog [****..]
Gold:   399        SH:  9    Dex: 11    Spells: 9/9 levels left

rFire    + + .     SeeInvis .   B - +2 flail (crush)
rCold    . . .     Gourm    .   D - +0 shield
rNeg     + . .     Faith    .   A - +1 ring mail {rF+}
rPois    +         Spirit   .   (helmet restricted)
rElec    .         Reflect  .   (no cloak)
rCorr    +         Harm     .   (no gloves)
MR       .....                  (no boots)
Stlth    +.........             (no amulet)
HPRegen  0.24/turn              i - ring of positive energy
MPRegen  0.11/turn              C - ring of resist corrosion

@: lethally poisoned (-13 -> -19), about to teleport, berserk cooldown
A: retaliatory headbutt, horns 2, fire resistance 1, poison resistance
a: Berserk, Trog's Hand, Brothers in Arms, Burn Spellbooks, Renounce Religion


You were on level 9 of the Dungeon.
You worshipped Trog.
Trog was greatly pleased with you.
You were hungry.

You visited 2 branches of the dungeon, and saw 10 of its levels.

You collected 399 gold pieces.

Inventory:

Hand Weapons
 a - a +3 battleaxe of chopping
 q - a +3 quarterstaff of chaos
 w - a +2 shortbow of flaming
 B - a +2 flail of crushing (weapon)
Missiles
 z - 53 arrows
Armour
 A - a +1 ring mail of fire resistance (worn)
 D - a +0 shield (worn)
Jewellery
 i - a ring of positive energy (left hand)
 p - an uncursed ring of fire
 v - an uncursed ring of flight
 C - a ring of resist corrosion (right hand)
Wands
 b - a wand of iceblast (7)
 k - a wand of polymorph (11)
 t - a wand of digging (14)
Scrolls
 g - 2 scrolls of identify
 j - 2 scrolls of immolation
 l - 4 scrolls of enchant armour
 m - a scroll of blinking
 o - 4 scrolls of teleportation
 u - 3 scrolls of remove curse
Potions
 d - 2 potions of agility
 e - a potion of magic
 f - 2 potions of might
 h - a potion of berserk rage
 n - 2 potions of flight
 s - 3 potions of curing
Comestibles
 c - 8 rations


   Skills:
 + Level 7.9 Fighting
 + Level 8.8(9.3) Axes
 + Level 4.5(8.9) Maces & Flails
 + Level 7.9(8.5) Staves
 + Level 8.7 Armour
 + Level 4.9 Dodging
 + Level 2.7 Stealth
 + Level 2.0 Shields


You had 9 spell levels left.
You didn't know any spells.

Dungeon Overview and Level Annotations

Branches:
Dungeon (9/15)             Temple (1/1) D:4
   Lair: D:8-11         Orc: D:9-12

Altars:
Ashenzari
Cheibriados
Dithmenos
Fedhas
Gozag
Hepliaklqana
Kikubaaqudgha
Makhleb
Nemelex Xobeh
Okawaru
Qazlal
Ru
Sif Muna
Trog
Uskayaw
Vehumet
Wu Jian
Xom
Yredelemnul
Zin
The Shining One

Shops:
D:5 *

Annotations:
D:9 Erica


Innate Abilities, Weirdness & Mutations

You reflexively headbutt those who attack you in melee.
You have a pair of horns on your head.
Your flesh is heat resistant. (rF+)
Your system is resistant to poisons. (rPois)


Message History

You feel yourself speed up.
Erica mumbles some strange words.
Erica flickers and vanishes!
Deactivating autopickup; reactivate with Ctrl-A.
An adder skeleton comes into view.
You barely miss something. Your headbutt misses something.
You hear some strange, mumbled words.
A bolt of poison appears from out of thin air!
The bolt of poison hits you!
You are poisoned.
You resist.
* * * LOW HITPOINT WARNING * * *
As you read the scroll of teleportation, it crumbles to dust.
You feel strangely unstable.
You feel sick. Something hits you!
* * * LOW HITPOINT WARNING * * *
You hit something. You headbutt something.
You feel sick.
You hear some strange, mumbled words.
An orb of energy appears from out of thin air!
The orb of energy hits you!
You die...

#.##.......##.##..#.#
.#.#####.#.##.##.##.#
###...##.#.##.##.##.#
.#.##.##[...........###
#.###.####..####....@.#
#####.####..# #a####.#
#....>...# #o####.######
#..####.#.###{##.†......#
#......# #.##@##o#@####.#
#.##....#..##.Z.[).#
#.##.##>....####.###
#.#...#...... .o.#
#............ ###.#
###...##..... .# #...#
..# .# #...# . .#
........


You could see a worker ant, an orc and an adder skeleton.

Vanquished Creatures
  A two-headed ogre (D:8)
  The ghost of Destragon the Shield-Bearer, an amateur MiFi (D:4)
  A troll (D:9)
  Grinder (D:3)
  Prince Ribbit (D:5)
  Sigmund (D:6)
  Edmund (D:6)
  A hungry ghost (D:8)
  3 orc warriors
  A sky beast (D:7)
  2 ice beasts
  3 ogres
  2 centaurs
  4 bullfrogs
  Blork the orc (D:5)
  2 scorpions
  4 killer bees (D:4)
  A howler monkey (D:4)
  4 crimson imps
  A bullfrog zombie (D:6)
  3 hounds
  A quasit (D:6)
  A jelly (D:8)
  5 orc priests
  2 orc wizards
  Crazy Yiuf (D:2)
  A centaur skeleton (D:6)
  An iguana (D:9)
  6 worker ants
  2 worker ant zombies (D:7)
  Robin (D:3)
  11 adders
  2 shadow imps
  An ooze (D:3)
  An adder zombie (D:8)
  A worm (D:2)
  3 dart slugs (D:1)
  3 leopard geckos
  20 orcs
  A ball python (D:2)
  2 giant cockroaches
  11 goblins
  8 hobgoblins
  11 jackals
  6 kobolds
  4 quokkas
  7 bats
  5 frilled lizards
  A jackal zombie (D:5)
  A quokka zombie (D:6)
  9 rats
168 creatures vanquished.

Notes
Turn   | Place    | Note
-------+----------+-------------------------------------------
     0 | D:1      | SirChikenkiller the Minotaur Berserker began the quest for the Orb.
     0 | D:1      | Reached XP level 1. HP: 19/19 MP: 0/0
    72 | D:1      | Reached XP level 2. HP: 20/27 MP: 1/1
   374 | D:1      | Reached XP level 3. HP: 19/33 MP: 2/2
   377 | D:1      | Reached ** piety under Trog
  1291 | D:2      | Found a runed door.
  1341 | D:2      | Reached XP level 4. HP: 41/41 MP: 3/3
  1374 | D:2      | Found an opulent altar of Gozag.
  1925 | D:2      | Noticed Crazy Yiuf
  1932 | D:2      | Killed Crazy Yiuf
  2009 | D:3      | Found a faded altar of an unknown god.
  2076 | D:3      | Reached skill level 5 in Axes
  2133 | D:3      | Noticed Grinder
  2137 | D:3      | Killed Grinder
  2137 | D:3      | Reached skill level 1 in Staves
  2137 | D:3      | Reached skill level 1 in Stealth
  2137 | D:3      | Reached XP level 5. HP: 35/47 MP: 4/4
  2137 | D:3      | Reached XP level 6. HP: 41/55 MP: 5/5
  2200 | D:3      | Noticed Robin
  2220 | D:3      | Killed Robin
  2304 | D:3      | Found a snail-covered altar of Cheibriados.
  2578 | D:4      | Reached skill level 5 in Fighting
  2622 | D:4      | Reached *** piety under Trog
  2677 | D:4      | Found a staircase to the Ecumenical Temple.
  2695 | D:4      | Reached XP level 7. HP: 61/61 MP: 6/6
  2952 | D:4      | Reached skill level 5 in Armour
  3484 | D:4      | Reached skill level 5 in Staves
  3548 | D:4      | Noticed Destragon's ghost (amateur MiFi)
  3599 | D:4      | Killed Destragon's ghost
  3599 | D:4      | Reached XP level 8. HP: 33/70 MP: 7/7
  4029 | Temple   | Entered the Ecumenical Temple
  4338 | D:5      | Entered Level 5 of the Dungeon
  4367 | D:5      | Found a snail-covered altar of Cheibriados.
  4426 | D:5      | Noticed Prince Ribbit
  4437 | D:5      | Killed Prince Ribbit
  4686 | D:5      | Noticed Blork the orc
  4690 | D:5      | Killed Blork the orc
  4772 | D:5      | Found a stormy altar of Qazlal.
  5044 | D:5      | Found Cimogoo's General Store.
  5354 | D:6      | Noticed Sigmund
  5355 | D:6      | Reached **** piety under Trog
  5362 | D:6      | Killed Sigmund
  5470 | D:6      | Received a gift from Trog
  5476 | D:6      | Found a hide-covered altar of Uskayaw.
  5476 | D:6      | Noticed Edmund
  5488 | D:6      | Killed Edmund
  5488 | D:6      | Reached XP level 9. HP: 29/78 MP: 8/8
  5918 | D:6      | Found a radiant altar of Vehumet.
  6219 | D:6      | Found a stormy altar of Qazlal.
  6902 | D:7      | Gained mutation: Your flesh is heat resistant. (rF+) [potion of mutation]
  6902 | D:7      | Gained mutation: Your system is resistant to poisons. (rPois) [potion of mutation]
  7244 | D:8      | Noticed a two-headed ogre
  7256 | D:8      | Killed a two-headed ogre
  7256 | D:8      | Reached skill level 1 in Maces & Flails
  7657 | D:8      | Reached skill level 1 in Shields
  8188 | D:9      | Reached XP level 10. HP: 49/88 MP: 9/9
  8390 | D:9      | Noticed Erica
  8422 | D:9      | Killed from afar by Erica

Skill      XL: |  1  2  3  4  5  6  7  8  9 10 |
---------------+-------------------------------+-----
Axes           | 4 5 6 8 |  8.8
Fighting       | 4 5 6 7 |  7.9
Dodging        | 3 4 |  4.9
Staves         | 1 3 5 7 |  7.9
Armour         | 3 4 5 7 8 |  8.7
Stealth        | 1 2 |  2.7
Maces & Flails | 3 4 |  4.5
Shields        | 1 2 |  2.0

Action                   |  1- 3 |  4- 6 |  7- 9 | 10-12 || total
-------------------------+-------+-------+-------+-------++-------
Melee: Hand axe          |    74 |    12 |       |       ||    86
       Headbutt          |    10 |    13 |    41 |    11 ||    75
       Quarterstaff      |       |    64 |    66 |       ||   130
       Battleaxe         |       |       |    93 |       ||    93
       Flail             |       |       |    65 |    31 ||    96
Invok: Berserk           |       |     1 |     1 |     1 ||     3
  Use: Scroll            |     2 |     4 |     9 |     1 ||    16
       Potion            |       |     1 |     8 |     3 ||    12
 Stab: Petrifying        |       |       |     1 |       ||     1
       Petrified         |       |       |     1 |       ||     1
       Sleeping          |       |       |     1 |       ||     1
  Eat: Ration            |     1 |       |     4 |       ||     5
       Chunk             |       |     3 |     6 |     1 ||    10
Armor: Animal skin       |     6 |       |       |       ||     6
       Scale mail        |    14 |    20 |    28 |       ||    62
       Ring mail         |       |       |    49 |     6 ||    55
Dodge: Dodged            |    47 |    49 |   133 |    11 ||   240
Block: Shield            |       |       |    34 |    22 ||    56
